 Dungeon Crawl Stone Soup version 0.17-a0-1769-g54adf96 (webtiles) character file.

1013 4thArraOfDagon the Spear-Bearer (level 8, 0/105 HPs)
             Began as a Merfolk Gladiator on Sept 7, 2015.
             Was an Initiate of Ashenzari.
             Splashed by a jelly's acid (3 damage)
             ... on level 9 of the Dungeon.
             The game lasted 00:12:19 (2444 turns).

4thArraOfDagon the Spear-Bearer (Merfolk Gladiator) Turns: 2444, Time: 00:12:19

Health: 0/105      AC:  1    Str: 24    XL:     8   Next: 21%
Magic:  8/8        EV: 16    Int: 11    God:    Ashenzari [......]
Gold:   82         SH:  0    Dex: 23    Spells: 0 memorised, 7 levels left

rFire  + . .     SeeInvis .     a - +1 trident
rCold  x . .     Clarity  .     r - +0 scale mail of Hairiness {+Blink rPois Dex+6} (curse)
rNeg   . . .     SustAt   .     (no shield)
rPois  +         Gourm    .     c - +1 helmet
rElec  .         Spirit   .     (no cloak)
rCorr  .         Warding  .     (no gloves)
rMut   .         Stasis   .     (no boots)
MR     .....                    (no amulet)
Stlth  ..........               f - ring of fire
                                d - +4 ring of strength

@: berserking (expiring), corroded equipment, very quick, not resistant to
hostile enchantments, extremely unstealthy
A: change form in water, swift swim, rugged brown scales 1, agile 1, clever 1,
robust 1
a: Renounce Religion, Evoke Blink


You were on level 9 of the Dungeon.
You worshipped Ashenzari.
Ashenzari was noncommittal.
You were not hungry.

You visited 1 branch of the dungeon, and saw 9 of its levels.
You also visited: Sewer.

You collected 289 gold pieces.
You spent 207 gold pieces at shops.

Inventory:

Hand weapons
 a - a +1 trident (weapon)
Missiles
 t - 3 throwing nets (quivered)
 v - 5 needles of slowing
Armour
 c - a +1 helmet (worn)
 r - the cursed +0 scale mail of Hairiness (worn) {+Blink rPois Dex+6}
   (You bought it in a shop on level 7 of the Dungeon)

   It affects your dexterity (+6).
   It protects you from poison.
   It lets you blink.
   It has a curse placed upon it.
 u - a +0 shield
Magical staves
 g - an uncursed staff of energy {!a}
Jewellery
 d - a +4 ring of strength (left hand)
 f - a ring of fire (right hand)
 p - an uncursed ring of ice
Magical devices
 o - a wand of slowing (3)
Scrolls
 i - a scroll of fog
 k - a scroll of remove curse
 s - a scroll of magic mapping {unknown}
 x - 2 scrolls of fear {unknown}
 y - a scroll of curse armour
 z - a scroll of curse weapon
Potions
 b - a potion of berserk rage
 n - a potion of brilliance {unknown}
 q - a potion of ambrosia
Miscellaneous
 m - a plain deck of changes {the Potion}
Comestibles
 e - a bread ration
 h - a slice of pizza
 l - 2 meat rations


   Skills:
 + Level 5.3 Fighting
 * Level 10.4 Polearms
 - Level 2.0 Throwing
 + Level 7.2 Dodging


You had 7 spell levels left.
You didn't know any spells.

Dungeon Overview and Level Annotations

Branches:
Dungeon (9/15)             Temple (0/1) D:4
   Lair: D:8-11         Orc: D:9-12

Altars:
Ashenzari
Kikubaaqudgha
Nemelex Xobeh
Qazlal
The Shining One

Shops:
D:7 [   D:9 [

Annotations:
D:4 luca467's ghost, average DsMo
D:5 Eustachio


Innate Abilities, Weirdness & Mutations

You revert to your normal form in water.
You are very nimble and swift while swimming.
You are partially covered in rugged brown scales (AC +1, +3% HP).
You are agile. (Dex +2)
Your mind is acute. (Int +2)
You are robust (+10% HP).


Message History

Unknown command.
Unknown command.
You hit the jelly.
Your hands burn!
* * * LOW HITPOINT WARNING * * *
The jelly is moderately wounded.
The orc wizard gestures at you while chanting.
You resist with some effort.
Unknown command.
Unknown command.
Your scale mail of Hairiness prevents you from hitting the jelly.
The jelly is moderately wounded.
The jelly completely misses you.
The hobgoblin zombie closely misses you.
The iguana bites you.
* * * LOW HITPOINT WARNING * * *
Unknown command.
Unknown command.
Unknown command.
You puncture the jelly!
Your hands burn!
You die...

........
..........
..........
.........#
..........##
..........Z# #...
.........#Z###....
.......oZl@o5.....
........Z#J#Z.....
.........oZZ......
..........o.....##
###............#
##...........##
#...##........
#...##........
#....##5Z##.#.#


You could see an orc warrior, an iguana, a jelly, an iron imp, an orc priest, an
orc wizard, an orc, a goblin zombie, 3 hobgoblin zombies, a goblin skeleton, a
kobold skeleton and an orc skeleton.

Vanquished Creatures
  Purgy (Sewer)
  An ice beast (D:5)
  A phantom (D:7)
  2 centaurs
  4 giant frogs
  A scorpion (D:6)
  A crimson imp (D:7)
  A giant frog zombie (D:5)
  A centaur skeleton (D:7)
  A hound (D:7)
  2 iguanas
  2 worker ants
  3 adders
  3 giant geckos
  An orc (D:3)
  4 giant cockroaches
  4 hobgoblins
  3 jackals (D:7)
  2 ball pythons
  A ball python skeleton (D:6)
  6 bats
  A giant gecko skeleton (D:6)
  A giant gecko zombie (D:6)
  2 goblins (D:3)
  A jackal zombie (D:5)
  2 kobolds
  2 rats (D:3)
54 creatures vanquished.

Notes
Turn   | Place    | Note
--------------------------------------------------------------
     0 | D:1      | 4thArraOfDagon the Merfolk Gladiator began the quest for the Orb.
     0 | D:1      | Reached XP level 1. HP: 16/16 MP: 1/1
   105 | D:2      | Gained mutation: You are robust (+10% HP). [potion of mutation]
   105 | D:2      | Gained mutation: You are partially covered in rugged brown scales (AC +1, +3% HP). [potion of mutation]
   105 | D:2      | Gained mutation: You are agile. (Dex +2) [potion of mutation]
   171 | D:3      | Reached XP level 2. HP: 23/25 MP: 2/2
   225 | D:3      | Found a stormy altar of Qazlal.
   231 | D:3      | Found a shattered altar of Ashenzari.
   240 | D:3      | Found a sparkling altar of Nemelex Xobeh.
   357 | D:3      | Reached skill level 5 in Polearms
   390 | D:4      | Gained mutation: Your mind is acute. (Int +2) [potion of beneficial mutation]
   511 | D:5      | Entered Level 5 of the Dungeon
   621 | D:5      | Reached XP level 3. HP: 14/31 MP: 3/3
   625 | D:5      | Noticed a slave
   626 | D:5      | Noticed a slave
   627 | D:5      | Noticed a slave
   708 | D:6      | Reached skill level 6 in Polearms
   708 | D:6      | Reached XP level 4. HP: 6/38 MP: 4/4
   818 | D:6      | Noticed a centaur
   850 | D:6      | Killed a centaur
   850 | D:6      | Reached skill level 5 in Dodging
   850 | D:6      | Reached XP level 5. HP: 16/46 MP: 5/5
   873 | D:6      | Found an ancient bone altar of Kikubaaqudgha.
   873 | D:6      | Found a sparkling altar of Nemelex Xobeh.
  1051 | D:5      | Reached skill level 7 in Polearms
  1052 | D:5      | Found a glowing drain.
  1066 | Sewer    | Entered a sewer
  1120 | Sewer    | Noticed Purgy
  1158 | Sewer    | Killed Purgy
  1158 | Sewer    | Reached XP level 6. HP: 39/54 MP: 6/6
  1235 | D:5      | Noticed an ice beast
  1301 | D:6      | Noticed a giant frog
  1313 | D:6      | Killed a giant frog
  1313 | D:6      | Reached skill level 8 in Polearms
  1407 | D:7      | Reached XP level 7. HP: 27/61 MP: 7/7
  1440 | D:7      | Found Moush's Antique Armour Shop.
  1447 | D:7      | Bought a dazzling scale mail for 207 gold pieces
  1457 | D:7      | Identified the +0 scale mail of Hairiness {+Blink rPois Dex+6} (You bought it in a shop on level 7 of the Dungeon)
  1519 | D:7      | Reached skill level 9 in Polearms
  1802 | D:5      | Killed an ice beast
  1802 | D:5      | Reached skill level 5 in Fighting
  1802 | D:5      | Reached skill level 10 in Polearms
  1802 | D:5      | Reached XP level 8. HP: 55/70 MP: 8/8
  1850 | D:4      | Noticed luca467's ghost (average DsMo)
  2108 | D:3      | Became a worshipper of Ashenzari the Shackled
  2166 | D:4      | Found a staircase to the Ecumenical Temple.
  2238 | D:5      | Noticed Eustachio
  2410 | D:9      | Noticed a centaur warrior
  2414 | D:9      | Found a glowing golden altar of the Shining One.
  2426 | D:9      | Found Kemyqata's Armour Shoppe.
  2443 | D:9      | HP: 3/105 [iguana (4)]
  2444 | D:9      | Splashed by a jelly's acid

Vault maps used:
D:1:      scummos_arrival_simple_crosswalls, kennysheep_minor_cross,
          columned_hall_lemuel
D:2:      elyvilon_altar_4, first_bread, nicolae_gozag_zags_fifth_avenue,
          uniq_jessica
D:3:      nicolae_overflow_hidden_temple, hangedman_abyss_or_decor_stabs,
          nemelex_deck
D:4:      minmay_temple_entry_glassed_door
D:5:      led_sif_book, gup_sewer_entry_pipe, grunt_decor_mini_mirrors,
          amalloy_card_club, uniq_eustachio, uniq_pikel, uniq_duvessa
D:6:      gammafunk_temple_overflow_statue, sigmund_edmund_badplayer
D:7:      serial_shops, shop_statue
D:9:      nicolae_tso_besieged_by_evil, serial_shops, shop_fountains, shop,
          shop, nicolae_shop_behind_doors, shop
Sewer:    sewer_big_baddie

Action                   |  1- 3 |  4- 6 |  7- 9 || total
-------------------------+-------+-------+-------++-------
Melee: Trident           |    54 |    88 |   110 ||   252
Throw: Throwing net      |     7 |     3 |       ||    10
Evoke: Wand              |       |     8 |     1 ||     9
  Use: Scroll            |     3 |     4 |     7 ||    14
       Potion            |     4 |     1 |     2 ||     7
 Stab: Held in net/web   |     2 |     2 |       ||     4
       Sleeping          |       |     2 |       ||     2
  Eat: Chunk             |       |     2 |     3 ||     5
